 Dungeon Crawl Stone Soup version 0.20.1-1-g8b1a95d (webtiles) character file.

789212 seyes the Slayer (level 27, -39/244 HPs)
             Began as a Formicid Fighter on Sept 28, 2017.
             Was the Champion of Makhleb.
             Annihilated by Rorouxi the pandemonium lord (52 damage)
             ... in Pandemonium on Oct 5, 2017.
             The game lasted 15:25:24 (87380 turns).

seyes the Slayer (Formicid Fighter)                Turns: 87380, Time: 15:25:25

Health: -39/244    AC: 40    Str: 25    XL:     27
Magic:  0/28       EV: 19    Int:  9    God:    Makhleb [******]
Gold:   3510       SH: 25    Dex: 26    Spells: 24/30 levels left

rFire    + . .     SeeInvis +   i - +9 executioner's axe (holy)
rCold    + . .     Gourm    .   H - +0 large shield
rNeg     + + +     Faith    .   K - +12 gold dragon scales
rPois    +         Spirit   .   (helmet unavailable)
rElec    +         Reflect  +   J - +2 ratskin cloak {+Rats rPois rN+ Str-1 Int-1 Dex+1}
rCorr    .         Harm     .   L - +0 pair of gloves {Str+3}
MR       +++++     Clarity  +   M - +2 pair of boots of Voyxyde {rElec rF+ Regen+}
Stlth    ..........             r - +3 amulet of reflection
Regen    1.3/turn               x - ring "Muczo" {+Inv rN+ Int+3 Dex+4}
MPRegen  0.3/turn               X - ring "Agaifam" {rF- rN+ MR++ Dex+3}

@: lethally poisoned (-39 -> -48), sap magic
A: permanent stasis, dig shafts and tunnels, four strong arms, antennae 3,
blurry vision 1, clarity, [deformed body], [dopey 2], magic resistance 1,
regeneration 1, [screaming 2], [no potion heal 2], MP-powered wands
}: 6/15 runes: serpentine, barnacled, slimy, silver, abyssal, demonic
a: Dig, Shaft Self, Minor Destruction, Lesser Servant of Makhleb, Major
Destruction, Greater Servant of Makhleb, Renounce Religion, Evoke Ratskin, Evoke
Invisibility


You were in Pandemonium.
You worshipped Makhleb.
Makhleb was exalted by your worship.
You were not hungry.

You visited 11 branches of the dungeon, and saw 53 of its levels.
You visited Pandemonium 1 time, and saw 6 of its levels.
You visited the Abyss 6 times.
You also visited: Bailey.

You collected 8652 gold pieces.
You spent 5142 gold pieces at shops.

Inventory:

Hand Weapons
 f - the +7 arbalest "Cuzxie" {venom, Str+4 Dex+3}
   (You found it on level 5 of the Pits of Slime)

   It poisons the ammo it fires.
   It affects your strength (+4).
   It affects your dexterity (+3).
 g - a +4 battleaxe of freezing
 h - a +4 battleaxe of holy wrath
 i - a +9 executioner's axe of holy wrath (weapon)
Missiles
 e - 2279 stones (quivered)
 Q - 2409 bolts
Armour
 l - a scarf of resistance
 s - a scarf of spirit shield
 v - a +1 cloak of magic resistance
 w - a +2 crystal plate armour
 H - a +0 large shield (worn)
 J - the +2 ratskin cloak (worn) {+Rats rPois rN+ Str-1 Int-1 Dex+1}
   (You found it on level 2 of the Snake Pit)

   It affects your strength (-1).
   It affects your intelligence (-1).
   It affects your dexterity (+1).
   It protects you from poison.
   It protects you from negative energy.
 K - +12 gold dragon scales (worn)
 L - a +0 pair of gloves of strength (worn)
 M - the +2 pair of boots of Voyxyde (worn) {rElec rF+ Regen+}
   (You found it on level 1 of the Depths)

   It protects you from fire.
   It insulates you from electricity.
   It increases your rate of regeneration.
Jewellery
 q - the ring "Yvivoukh" {MR+ AC+1}
   (You found it on level 4 of the Lair of Beasts)

   [ring of protection]

   It affects your AC (+1).
   It affects your resistance to hostile enchantments.
 r - a +3 amulet of reflection (around neck)
 t - the amulet of the Sky {rPois Regen+ Str+3 Stlth-}
   (You took it off a vampire knight on level 3 of the Crypt)

   [amulet of regeneration]

   It affects your strength (+3).
   It protects you from poison.
   It increases your rate of regeneration.
   It makes you less stealthy.
 x - the ring "Muczo" (left hand) {+Inv rN+ Int+3 Dex+4}
   (You bought it in a shop on level 2 of the Snake Pit)

   [ring of intelligence]

   It affects your intelligence (+3).
   It affects your dexterity (+4).
   It protects you from negative energy.
   It lets you turn invisible.
 C - an uncursed ring of flight
 S - the ring of Scepticism {rPois rF+ rC++ Str-3 Dex+5}
   (You found it on level 3 of the Depths)

   [ring of dexterity]

   It affects your strength (-3).
   It affects your dexterity (+5).
   It protects you from fire.
   It greatly protects you from cold.
   It protects you from poison.
 X - the ring "Agaifam" (right hand) {rF- rN+ MR++ Dex+3}
   (You took it off a deep elf death mage on level 3 of the Elven Halls)

   [ring of positive energy]

   It affects your dexterity (+3).
   It makes you vulnerable to fire.
   It protects you from negative energy.
   It affects your resistance to hostile enchantments.
 Y - an uncursed ring of resist corrosion
Wands
 d - a wand of digging (7/24)
Scrolls
 c - 15 scrolls of recharging
 o - 8 scrolls of fear
 p - 9 scrolls of identify
 y - 15 scrolls of magic mapping
 z - 4 scrolls of enchant weapon
 D - 18 scrolls of remove curse
Potions
 a - a potion of agility
 j - 14 potions of mutation
 k - 4 potions of might
 n - 16 potions of curing
 u - 5 potions of cancellation
 F - 8 potions of flight
 U - 8 potions of heal wounds
Comestibles
 b - 18 bread rations
 m - 43 meat rations


   Skills:
 + Level 25.8 Fighting
 * Level 24.1 Axes
   Level 14.0 Staves
 - Level 21.9 Crossbows
 - Level 23.3 Armour
 - Level 16.7 Dodging
 - Level 15.0 Shields
 - Level 2.0 Spellcasting
 - Level 2.8 Hexes
 - Level 2.0 Translocations
 - Level 7.1 Invocations


You had 24 spell levels left.
You knew the following spells:

 Your Spells              Type           Power        Failure   Level  Hunger
a - Apportation           Tloc           #.....       83%         1    ##.....
p - Passwall              Tmut/Erth      #.........   99%         2    ###....
P - Portal Projectile     Hex/Tloc       #.....       98%         3    ####...


Dungeon Overview and Level Annotations

Branches:
Dungeon (15/15)            Temple (1/1) D:6            Lair (6/6) D:9
 Shoals (4/4) Lair:3        Snake (4/4) Lair:4        Slime (5/5) Lair:5
    Orc (2/2) D:12            Elf (3/3) Orc:2        Vaults (5/5) D:13
  Crypt (3/3) Vaults:2       Tomb (0/3) Crypt:3      Depths (5/5) D:15
    Zot (0/5) Depths:5

Altars:
Ashenzari
Cheibriados
Dithmenos
Elyvilon
Fedhas
Gozag
Hepliaklqana
Kikubaaqudgha
Makhleb
Nemelex Xobeh
Okawaru
Qazlal
Ru
Sif Muna
Trog
Uskayaw
Vehumet
Xom
Yredelemnul
Zin
The Shining One
Lugonu

Shops:
D:7 ?   D:15 [*?   Orc:2 *}(*   Elf:2 %   Snake:2 =   Vaults:5 %%?!!??!
Depths:1 ?   Depths:4 [

Portals:
Hell: Depths:1 Depths:2 Depths:3 Depths:4 Depths:5
Abyss: Depths:1 Depths:3 Depths:4
Pandemonium: Depths:2 Depths:3 Depths:5
Ziggurat: Depths:4


Innate Abilities, Weirdness & Mutations

You cannot be hasted, slowed, berserked, paralysed or teleported.
You can dig through walls and to a lower floor.
Your four strong arms can wield two-handed weapons with a shield.
You have a pair of large antennae on your head. (SInv)
Scrolls take you a little longer to read.
You possess an exceptional clarity of mind.
You are resistant to hostile enchantments. (MR+)
Your natural rate of healing is unusually fast.
You expend magic power (3 MP) to strengthen your wands.
[Armour fits poorly on your strangely shaped body.]
[You are very dopey. (Int -4)]
[You sometimes yell uncontrollably at your foes.]
[Potions are poor at restoring your health.]


Message History

Your system mostly rejects the healing effects of potions.
The gelid black sun rages.
You block the gelid warmonger's attack.
The gelid black sun completely misses you.
Rorouxi sneers, "Quail, thou warped beef-witted pissant!"
Rorouxi hits you.
* * * LOW HITPOINT WARNING * * *
You resist. The floating eye seems to glare at you.
The gelid corrupter is engulfed in seething chaos.
The gelid corrupter hits you with a great sword.
* * * LOW HITPOINT WARNING * * *
You resist.
You block the emperor scorpion's attack.
The emperor scorpion claws you but does no damage.
You block the emperor scorpion's attack.
The Brimstone Fiend moves out of view.
The eye of draining gazes at you. Rorouxi hits you!!!
You die...

## #########.##
###
......6.GG.#....
...#326sG6313..
#.m.@&6461..
######t##&6#61..
......§{{66664.(.
.......§{G6R§35..
∩.......§..8R35..
........?...R....
.................
#.#.#.#.#..#.....
...........#.....


You could see 2 Rorouxis, an alligator snapping turtle, an emperor scorpion
(berserk), 2 Tzitzimimeh, 2 demonspawn, an Ice Fiend, 2 demonspawn, a merfolk
javelineer, a reaper, 3 demonspawn, 2 demonspawn, 3 rakshasas, 3 demonspawn, an
orange demon, a hellwing, an eye of draining, 4 smoke demons, a ynoxinul, 2
floating eyes, a golden eye and 2 ufetubi.

Vanquished Creatures
  the Royal Jelly (Slime:5)
  Mennas (Crypt:3)
  A juggernaut (Depths:2)
  A juggernaut (shapeshifter) (Depths:3)
  An ancient lich (Abyss:3)
  Boris (Crypt:1)
  Bai Suzhen (Vaults:2)
  The ghost of Tonberto the Metallomancer, an adept DgEE (Vaults:5)
  Margery (Crypt:2)
  A golden dragon (shapeshifter) (Depths:3)
  Nikola (Depths:3)
  2 golden dragons
  Jory (Depths:4)
  The ghost of Renzlar the Peltast, an adept MiFi of Cheibriados (Vaults:5)
  The ghost of Foxy the Demonic Blade, a veteran DsGl of Cheibriados (Vaults:5)
  A profane servitor (Abyss:3)
  8 bone dragons
  A Brimstone Fiend (Pan)
  5 pandemonium lords (Pan)
  6 liches
  2 hellephants
  4 tentacled monstrosities
  A Hell Sentinel (Abyss:1)
  8 Ice Fiends (Pan)
  Jorgrun (Shoals:4)
  A shard shrike skeleton (Crypt:2)
  6 deep elf master archers
  2 quicksilver dragons (shapeshifter) (Depths:3)
  The ghost of Apple the Executioner, an adept MiBe of Trog (Snake:2)
  7 deep elf blademasters
  18 titans
  18 tentacled starspawn
  24 acid blobs
  4 sphinxes
  9 Executioners
  A sphinx (shapeshifter) (Depths:3)
  2 ancient champions (Crypt:3)
  6 tengu reavers
  2 shadow dragons
  5 storm dragons
  Agnes (Elf:1)
  Donald (Snake:3)
  13 daevas
  9 nagarajas
  A frost giant (shapeshifter) (Depths:3)
  6 revenants
  A fire giant (shapeshifter) (Depths:3)
  Ilsuiw (Shoals:3)
  12 azure jellies
  4 ghost moths
  A draconian knight (Depths:5)
  5 deep elf sorcerers
  7 balrugs
  23 fire giants
  An orc warlord (Orc:1)
  15 vault wardens
  26 frost giants
  4 curse skulls
  14 ironheart preservers
  Aizul (Vaults:3)
  6 cacodemons
  A draconian stormcaller (Depths:5)
  6 deep elf elementalists
  3 warmongers (Pan)
  5 iron dragons
  12 angels
  7 war gargoyles
  4 ghouls (Crypt:2)
  8 reapers
  The ghost of Gorgoleon the Unseen, a journeyman KoBe of Trog (Orc:2)
  A caustic shrike skeleton (D:15)
  22 stone giants
  An ophan (Abyss:1)
  2 blood saints (Pan)
  An entropy weaver (shapeshifter) (Depths:3)
  31 vampire knights
  47 very ugly things
  3 corrupters (Pan)
  10 deep elf demonologists
  5 lorocyprocas (Pan)
  4 black suns (Pan)
  4 black draconians
  3 white draconians
  9 deep elf annihilators
  A green draconian (Abyss:2)
  2 purple draconians
  A yellow draconian (Crypt:1)
  The ghost of slughead42 the Blocker, a journeyman FoFi of Dithmenos (D:11)
  3 red draconians
  2 spark wasps (shapeshifter) (Depths:3)
  7 merfolk javelineers
  14 crystal guardians (Depths:3)
  19 ettins
  5 eidola
  10 blizzard demons
  A quicksilver dragon zombie (Crypt:3)
  10 fire dragons
  14 merfolk impalers
  10 deep elf death magi
  A fire dragon (shapeshifter) (Depths:3)
  9 green deaths (Pan)
  4 deep elf high priests
  6 death oozes (Slime:5)
  15 jiangshi
  12 ice dragons
  Erolcha (D:11)
  15 great orbs of eyes
  A hell beast (Pan)
  12 yaktaur captains
  2 hydras (shapeshifter)
  22 naga warriors
  30 vault guards
  6 monstrous demonspawn (Pan)
  4 catoblepae
  11 rakshasas
  6 hydras
  2 alligator snapping turtles (Shoals:4)
  An alligator snapping turtle (shapeshifter) (Depths:3)
  7 merfolk aquamancers
  5 spriggan air magi
  10 anacondas
  15 centaur warriors
  A satyr (Shoals:2)
  3 merfolk avatars
  36 dancing weapons
  12 death yaks
  6 death knights
  14 ogre magi
  37 two-headed ogres
  10 deep troll shamans
  A hell hog (Abyss:3)
  6 tengu warriors
  15 vampire magi
  6 deep troll earth magi
  4 spriggan berserkers
  17 naga sharpshooters
  16 thrashing horrors
  9 shock serpents
  A shock serpent (shapeshifter) (Depths:1)
  Urug (D:14)
  27 deep elf knights
  14 soul eaters (Pan)
  Sonja (D:11)
  22 sun demons
  18 wretched stars
  4 sixfirhies
  9 hell knights
  5 salamander mystics
  37 skeletal warriors
  2 iron trolls (Depths:2)
  A fire crab (shapeshifter) (Vaults:1)
  A death drake (Abyss:3)
  5 spatial maelstroms
  5 shadow wraiths
  16 sea snakes
  A golden dragon zombie (Crypt:3)
  An anaconda zombie (Abyss:1)
  A sea snake (shapeshifter) (Depths:3)
  9 shadow demons
  5 flayed ghosts
  8 glowing orange brains
  3 torturous demonspawn (Pan)
  28 deep trolls
  8 unseen horrors
  7 gelid demonspawn (Pan)
  6 infernal demonspawn (Pan)
  2 unseen horrors (shapeshifter)
  10 wizards
  A golden dragon skeleton (Crypt:3)
  24 orc knights
  4 obsidian statues (Depths:3)
  An orange crystal statue (Depths:2)
  A lindwurm (Lair:6)
  16 ironbrand convokers
  26 deep elf archers
  27 harpies
  An anaconda skeleton (Crypt:3)
  Pikel (D:8)
  8 naga ritualists
  79 deep elf magi
  8 necromancers
  37 phantasmal warriors
  7 wolf spiders
  2 iron dragon zombies (Crypt:3)
  A wolf spider (shapeshifter) (Depths:3)
  A mana viper (shapeshifter) (Depths:3)
  A shadow dragon skeleton (Crypt:1)
  A shining eye (shapeshifter) (Vaults:5)
  4 fire giant zombies
  7 orc sorcerers
  10 mana vipers
  16 fauns
  33 ugly things
  9 manticores
  4 frost giant zombies (Depths:4)
  6 worldbinders
  A cyclops (shapeshifter) (Vaults:5)
  A sphinx skeleton (Crypt:1)
  A stone giant zombie (Crypt:3)
  A moth of wrath (shapeshifter) (Vaults:2)
  5 shining eyes
  19 salamanders
  4 cyclopes
  An iron dragon skeleton (Crypt:3)
  2 manticores (shapeshifter)
  8 vault sentinels
  2 guardian serpents
  13 merfolk sirens
  A salamander (shapeshifter) (Vaults:5)
  19 elephants
  30 naga magi
  12 spiny frogs
  10 water nymphs
  A dire elephant zombie (Crypt:3)
  A fire giant skeleton (Crypt:3)
  5 rust devils
  2 molten gargoyles (Depths:3)
  31 black mambas
  3 eyes of devastation
  19 smoke demons
  2 centaur zombies
  A spiny frog (shapeshifter) (Vaults:4)
  3 apocalypse crabs
  4 gargoyles
  10 orange demons
  A frost giant skeleton (D:15)
  5 hellions (Pan)
  2 rime drakes
  2 centaur skeletons (D:12)
  4 kobold demonologists
  An efreet (Abyss:1)
  3 ice devils
  2 tormentors
  6 komodo dragons
  32 yaktaurs
  5 catoblepas skeletons (Abyss:3)
  4 hellwings
  10 freezing wraiths
  A sea snake skeleton (Crypt:2)
  An anaconda simulacrum (Crypt:3)
  10 ancient zymes
  A minotaur zombie (Crypt:3)
  A harpy zombie (Abyss:1)
  3 tengu conjurers
  3 demonic crawlers
  A redback zombie (Crypt:3)
  A yellow draconian skeleton (Crypt:1)
  7 red devils
  2 queen bees (shapeshifter)
  2 jumping spiders (shapeshifter) (Depths:3)
  45 merfolk
  7 trolls
  A hornet (shapeshifter) (Vaults:3)
  4 hornets
  18 wind drakes
  An ice dragon zombie (Crypt:3)
  3 meliai (shapeshifter)
  A wind drake (shapeshifter) (Depths:4)
  A tengu simulacrum (Vaults:3)
  A polar bear (shapeshifter) (Vaults:1)
  Prince Ribbit (D:6)
  A hydra skeleton (Abyss:2)
  4 polar bears
  A moth of wrath zombie (Crypt:1)
  11 blink frogs
  A slime creature (shapeshifter) (Depths:3)
  2 dream sheep (shapeshifter)
  7 snapping turtles
  99 slime creatures
  29 raiju
  Sigmund (D:6)
  A bog body (Crypt:2)
  A snapping turtle (shapeshifter) (Depths:3)
  12 hippogriffs
  A spriggan skeleton (D:15)
  A fire dragon zombie (Crypt:3)
  A hippogriff (shapeshifter) (Vaults:5)
  32 small abominations
  30 flying skulls
  A meliai zombie (D:12)
  4 black mamba zombies
  A redback (shapeshifter) (Depths:3)
  A spriggan (Depths:5)
  18 wraiths
  21 ynoxinuls
  7 shadows
  25 water elementals
  3 vampires
  19 air elementals
  A hog (shapeshifter) (Depths:3)
  48 starcursed masses
  A tarantella (shapeshifter) (Abyss:3)
  2 yaks (shapeshifter)
  37 yaks
  3 wyverns
  3 fire dragon skeletons
  A human (shapeshifter) (Depths:5)
  4 basilisks
  A fire bat (Abyss:1)
  7 fire elementals
  3 hungry ghosts
  5 golden eyes
  18 humans (D:13)
  11 neqoxecs
  A golden eye (shapeshifter) (Vaults:4)
  4 vampire mosquitoes (D:15)
  49 nagas
  46 large abominations
  A faun zombie (Crypt:2)
  2 spatial vortices (Abyss:1)
  25 chaos spawn
  17 insubstantial wisps
  8 wargs
  A warg (shapeshifter) (Depths:3)
  An acid dragon (Vaults:2)
  A swamp worm (shapeshifter) (Depths:1)
  A gelid demonspawn zombie (Crypt:3)
  A merfolk zombie (Crypt:2)
  A spiny frog zombie (Crypt:3)
  A porcupine (shapeshifter) (Depths:1)
  10 porcupines
  2 soldier ants (D:12)
  2 floating eyes
  A hell hound (Abyss:2)
  11 water moccasins
  60 orc warriors
  A swamp drake (D:12)
  A faun skeleton (Crypt:1)
  4 slaves (D:8)
  An eye of draining (shapeshifter) (Depths:3)
  4 black bears
  An ettin simulacrum (Abyss:2)
  12 eyes of draining
  A necrophage (Crypt:2)
  10 ice beasts
  5 sky beasts
  A manticore zombie (Crypt:3)
  4 phantoms
  A swamp dragon zombie (Crypt:3)
  A tengu (shapeshifter) (Abyss:3)
  42 ogres
  20 wolves
  26 centaurs
  14 boggarts
  12 crocodiles
  8 big kobolds
  A rime drake zombie (Crypt:3)
  An elf zombie (Crypt:3)
  16 earth elementals
  20 bullfrogs
  A human simulacrum (Vaults:3)
  2 wyvern zombies
  A deep troll simulacrum (Vaults:2)
  A water moccasin zombie (D:8)
  A salamander skeleton (Crypt:1)
  A cyclops skeleton (Crypt:1)
  A wyvern skeleton (D:14)
  A scorpion (D:8)
  7 killer bees
  A shapeshifter zombie (Crypt:2)
  20 wights
  A yak skeleton (Crypt:3)
  3 electric eels
  A bullfrog zombie (D:6)
  10 howler monkeys
  9 crimson imps
  A lava snake (Lair:5)
  4 quasits
  7 hounds
  5 gnoll shamans
  6 jellies
  15 orc priests
  4 iron imps
  Crazy Yiuf (D:2)
  A bullfrog skeleton (D:10)
  Jessica (D:2)
  28 orc wizards
  16 worker ants
  A tengu zombie (Crypt:3)
  2 felid skeletons
  2 hound zombies
  A hound skeleton (D:5)
  A howler monkey zombie (D:5)
  2 worker ant zombies
  17 adders
  46 gnolls
  2 shadow imps (D:12)
  11 white imps
  6 ufetubi (Abyss:1)
  4 oozes
  An adder zombie (D:5)
  An adder skeleton (D:4)
  3 worms
  11 ball lightnings
  10 leopard geckos
  137 orcs
  6 giant cockroaches
  5 goblins
  5 hobgoblins
  5 iguanas
  28 jackals
  4 quokkas
  4 bats
  3 frilled lizards
  A jackal skeleton (Crypt:2)
  32 kobolds
  3 quokka skeletons
  A quokka zombie (D:9)
  3 rats
  3 crawling corpses (Vaults:5)
  A demonic plant (Abyss:1)
  3 lurking horrors (Abyss:1)
  2 plants
  20 starspawn tentacles
3460 creatures vanquished.

Vanquished Creatures (others)
  3 deep elf master archers
  A titan (Abyss:1)
  Polyphemus (Shoals:4)
  A frost giant (Depths:4)
  An ironheart preserver (Vaults:4)
  9 stone giants
  2 merfolk javelineers
  3 yaktaur captains
  A hell beast (Pan)
  A satyr (Shoals:4)
  A spriggan air mage (Depths:2)
  2 centaur warriors
  A merfolk aquamancer (Shoals:1)
  An anaconda (Snake:4)
  A dancing weapon (Depths:3)
  2 naga sharpshooters
  A deep elf knight (Elf:2)
  A gelid demonspawn (Pan)
  2 deep elf archers
  2 deep elf magi
  An ugly thing (Vaults:4)
  3 cyclopes
  5 fauns
  A smoke demon (Abyss:1)
  17 yaktaurs
  A red devil (Pan)
  A flying skull (Depths:4)
  2 air elementals (Depths:3)
  2 water elementals
  2 orc warriors (Orc:2)
  An eye of draining (Abyss:2)
  An ogre (Orc:2)
  5 centaurs
  13 ball lightnings
  5 orcs
  A crawling corpse (Vaults:5)
  2 demonic plants (Abyss:1)
  4 fungi
  A lurking horror (Abyss:2)
  16 plants
  37 starspawn tentacles
158 creatures vanquished.

Grand Total: 3618 creatures vanquished

Notes
Turn   | Place    | Note
-------+----------+-------------------------------------------
     0 | D:1      | seyes the Formicid Fighter began the quest for the Orb.
     0 | D:1      | Reached XP level 1. HP: 18/18 MP: 1/1
   347 | D:1      | Reached XP level 2. HP: 24/24 MP: 2/2
   814 | D:2      | Noticed Jessica
   821 | D:2      | Killed Jessica
   821 | D:2      | Reached XP level 3. HP: 29/29 MP: 3/3
   976 | D:2      | Reached XP level 4. HP: 22/35 MP: 4/4
  1025 | D:2      | Found a stormy altar of Qazlal.
  1025 | D:2      | Found a shadowy altar of Dithmenos.
  1556 | D:2      | Found a shimmering altar of Xom.
  1598 | D:2      | Reached skill level 5 in Axes
  1598 | D:2      | Reached XP level 5. HP: 28/41 MP: 5/5
  1682 | D:2      | Found a runed door.
  1686 | D:2      | Noticed Crazy Yiuf
  1696 | D:2      | Killed Crazy Yiuf
  1980 | D:3      | Reached XP level 6. HP: 48/48 MP: 6/6
  2223 | D:2      | Reached skill level 4 in Fighting
  2408 | D:3      | Found an opulent altar of Gozag.
  2603 | D:3      | Found a glowing golden altar of the Shining One.
  2909 | D:4      | Found a shimmering altar of Xom.
  3078 | D:4      | Got a steaming quarterstaff
  3107 | D:4      | Reached skill level 1 in Staves
  3388 | D:4      | Noticed an ogre
  3402 | D:4      | Killed an ogre
  3402 | D:4      | Reached XP level 7. HP: 54/54 MP: 7/7
  3425 | D:4      | Identified the +3 quarterstaff "Ycuzxiest" {elec, *Slow rElec rPois rF++} (You found it on level 4 of the Dungeon)
  3691 | D:5      | Entered Level 5 of the Dungeon
  4067 | D:5      | Reached skill level 5 in Staves
  4067 | D:5      | Reached XP level 8. HP: 58/60 MP: 8/8
  4339 | D:5      | Reached skill level 5 in Shields
  4685 | D:6      | Noticed Sigmund
  4947 | D:7      | Reached skill level 5 in Fighting
  4980 | D:7      | Reached skill level 5 in Armour
  4982 | D:7      | Reached XP level 9. HP: 62/68 MP: 9/9
  5016 | D:7      | Found a white marble altar of Elyvilon.
  5065 | D:7      | Found Lyituk's Magic Scroll Emporium.
  5080 | D:7      | Bought a scroll of identify for 30 gold pieces
  5080 | D:7      | Bought a scroll of identify for 30 gold pieces
  5431 | D:6      | Killed Sigmund
  5482 | D:6      | Noticed Prince Ribbit
  5495 | D:6      | Reached skill level 6 in Fighting
  5512 | D:6      | Killed Prince Ribbit
  5532 | D:6      | Found a staircase to the Ecumenical Temple.
  5541 | Temple   | Entered the Ecumenical Temple
  5558 | Temple   | Became a worshipper of Warmaster Okawaru
  6272 | D:6      | Reached skill level 1 in Invocations
  6395 | D:6      | Reached XP level 10. HP: 77/77 MP: 12/12
  6764 | D:6      | Reached * piety under Okawaru
  7343 | D:7      | Got a steaming leather armour
  7346 | D:7      | Identified the +1 leather armour "Viguj" {MR- Str+2 Int-4 Slay+5} (You found it on level 7 of the Dungeon)
  7437 | D:8      | Found a shattered altar of Ashenzari.
  7503 | D:8      | Reached skill level 7 in Fighting
  7655 | D:8      | Noticed Pikel
  7666 | D:8      | Killed Pikel
  8416 | D:8      | Reached ** piety under Okawaru
  8586 | D:8      | Noticed a two-headed ogre
  8603 | D:8      | Killed a two-headed ogre
  8927 | D:9      | Reached skill level 8 in Fighting
  8966 | D:9      | Reached *** piety under Okawaru
  8966 | D:9      | Reached XP level 11. HP: 71/86 MP: 14/14
  9110 | D:9      | Found a shadowy altar of Dithmenos.
  9235 | D:9      | Found a staircase to the Lair.
  9417 | D:9      | Reached skill level 1 in Crossbows
  9426 | D:9      | Reached **** piety under Okawaru
  9600 | D:10     | Entered Level 10 of the Dungeon
  9632 | D:9      | Noticed a centaur warrior
  9847 | D:10     | Noticed a two-headed ogre
  9853 | D:10     | Killed a two-headed ogre
  9853 | D:10     | Reached skill level 9 in Fighting
  9888 | D:10     | Noticed a cyan ugly thing
  9906 | D:10     | Killed a cyan ugly thing
 10208 | D:10     | Noticed an unseen horror
 10224 | D:10     | Killed an unseen horror
 10224 | D:10     | Received a gift from Okawaru
 10701 | D:9      | Killed a centaur warrior
 10701 | D:9      | Reached ***** piety under Okawaru
 10740 | D:9      | Reached skill level 5 in Invocations
 10791 | D:9      | You fall through a shaft for 2 floors!
 10815 | D:11     | Noticed a green ugly thing
 10839 | D:11     | Killed a green ugly thing
 10886 | D:11     | Found a flagged portal.
 10914 | Bailey   | Entered a bailey
 11262 | Bailey   | Noticed an orc knight
 11266 | Bailey   | Noticed an orc knight
 11298 | Bailey   | Reached XP level 12. HP: 69/96 MP: 16/16
 11380 | Bailey   | Received a gift from Okawaru
 11828 | D:11     | Noticed Erolcha
 11829 | D:11     | Noticed slughead42's ghost (journeyman FoFi)
 11893 | Lair:1   | Entered Level 1 of the Lair of Beasts
 12199 | Lair:1   | Reached skill level 1 in Dodging
 12837 | Lair:2   | Reached skill level 10 in Fighting
 12940 | Lair:2   | Received a gift from Okawaru
 13161 | Lair:2   | Reached skill level 10 in Armour
 13360 | Lair:2   | Received a gift from Okawaru
 13360 | Lair:2   | Reached skill level 10 in Staves
 13788 | Lair:2   | Reached skill level 5 in Crossbows
 13997 | Lair:3   | Noticed a six-headed hydra
 14005 | Lair:3   | Killed a six-headed hydra
 14233 | Lair:3   | Found a staircase to the Shoals.
 14392 | Lair:3   | Noticed a death yak
 14393 | Lair:3   | Noticed a death yak
 14393 | Lair:3   | Noticed a death yak
 14393 | Lair:3   | Noticed a death yak
 14397 | Lair:3   | Noticed a death yak
 14409 | Lair:3   | Killed a death yak
 14417 | Lair:3   | Killed a death yak
 14417 | Lair:3   | Reached XP level 13. HP: 92/104 MP: 11/18
 15107 | Lair:4   | Reached skill level 11 in Fighting
 15118 | Lair:4   | Found a staircase to the Snake Pit.
 15132 | Lair:4   | Got a flickering ivory ring
 15133 | Lair:4   | Identified the ring "Yvivoukh" {MR+ AC+1} (You found it on level 4 of the Lair of Beasts)
 15232 | Lair:4   | Noticed a six-headed hydra
 15242 | Lair:4   | Killed a six-headed hydra
 15992 | Lair:5   | Found a staircase to the Slime Pits.
 16218 | Lair:5   | Reached ****** piety under Okawaru
 16313 | Lair:5   | Received a gift from Okawaru
 16806 | Lair:5   | Reached skill level 5 in Dodging
 16866 | Lair:5   | Noticed an eight-headed hydra
 16876 | Lair:5   | Killed an eight-headed hydra
 16876 | Lair:5   | Reached XP level 14. HP: 107/114 MP: 17/19
 17128 | Lair:6   | Entered Level 6 of the Lair of Beasts
 17128 | Lair:6   | Found a sacrificial altar of Ru.
 17134 | Lair:6   | Received a gift from Okawaru
 17470 | Lair:6   | Received a gift from Okawaru
 17474 | Lair:6   | Reached skill level 12 in Fighting
 17685 | Lair:6   | Received a gift from Okawaru
 19095 | D:11     | Killed Erolcha
 19142 | D:11     | Noticed Sonja
 19167 | D:11     | Killed Sonja
 19197 | D:11     | Killed slughead42's ghost
 19424 | D:11     | Reached XP level 15. HP: 121/122 MP: 20/20
 20434 | D:12     | Received a gift from Okawaru
 20513 | D:12     | Found a staircase to the Orcish Mines.
 20955 | Orc:1    | Entered Level 1 of the Orcish Mines
 21134 | Orc:1    | Found an iron altar of Okawaru.
 21245 | Orc:1    | Reached skill level 13 in Fighting
 21722 | Orc:2    | Entered Level 2 of the Orcish Mines
 21722 | Orc:2    | Noticed an orc warlord
 21732 | Orc:2    | Noticed Gorgoleon's ghost (journeyman KoBe)
 21759 | Orc:2    | Cast into level 2 of the Abyss (orc warlord)
 21765 | Abyss:2  | Found a corrupted altar of Lugonu.
 21824 | Abyss:2  | Found a corrupted altar of Lugonu.
 21884 | Abyss:2  | Found a corrupted altar of Lugonu.
 22141 | Abyss:2  | Noticed a cacodemon
 22158 | Abyss:2  | Gained mutation: You are weak. (Str -2) [a cacodemon]
 22167 | Abyss:2  | Gained mutation: [Armour fits poorly on your strangely shaped body.] [a cacodemon]
 22170 | Abyss:2  | Killed a cacodemon
 22239 | Abyss:2  | Noticed a tentacled starspawn
 22254 | Abyss:2  | Killed a tentacled starspawn
 22363 | Abyss:2  | Noticed an Executioner
 22382 | Abyss:2  | Killed an Executioner
 22406 | Orc:2    | Escaped the Abyss
 22457 | D:12     | Lost mutation: You are weak. (Str -2) [potion of mutation]
 22457 | D:12     | Lost mutation: [Armour fits poorly on your strangely shaped body.] [potion of mutation]
 22457 | D:12     | Gained mutation: Your spells are a little harder to cast, but a little more powerful. [potion of mutation]
 22457 | D:12     | Gained mutation: Your natural rate of healing is unusually fast. [potion of mutation]
 22666 | Snake:1  | Entered Level 1 of the Snake Pit
 22951 | Snake:1  | Received a gift from Okawaru
 23194 | Snake:1  | Reached skill level 10 in Crossbows
 23297 | Snake:1  | Reached XP level 16. HP: 127/132 MP: 11/21
 23416 | Snake:1  | Received a gift from Okawaru
 23639 | Snake:1  | Found a shadowy altar of Dithmenos.
 23666 | Snake:1  | Received a gift from Okawaru
 24333 | Snake:2  | Found a transporter.
 24353 | Snake:2  | Found Osaanos's Jewellery Boutique.
 24366 | Snake:2  | Bought the ring "Muczo" {+Inv rN+ Int+3 Dex+4} for 592 gold pieces
 24637 | Snake:2  | Found a transporter.
 24723 | Snake:2  | Found a sparkling altar of Nemelex Xobeh.
 24768 | Snake:2  | Reached skill level 14 in Fighting
 24983 | Snake:2  | Got a wavering silver ring
 24999 | Snake:2  | Got a transparent bronze ring
 25014 | Snake:2  | Identified the ring "Pankuh" {rPois rC+} (You found it on level 2 of the Snake Pit)
 25016 | Snake:2  | Identified the ring of Demons {Fire rN+} (You found it on level 2 of the Snake Pit)
 25117 | Snake:2  | Received a gift from Okawaru
 25309 | Snake:2  | Noticed Apple's ghost (adept MiBe)
 25341 | Snake:1  | Received a gift from Okawaru
 25583 | Snake:2  | Killed Apple's ghost
 26257 | Snake:3  | Noticed Donald
 26278 | Snake:3  | Killed Donald
 26278 | Snake:3  | Reached skill level 10 in Shields
 26426 | Snake:3  | Noticed a nagaraja
 26561 | Snake:3  | Killed a nagaraja
 26578 | Snake:3  | Noticed a nagaraja
 26590 | Snake:3  | Killed a nagaraja
 26934 | Snake:3  | Reached XP level 17. HP: 130/140 MP: 22/22
 27990 | Snake:4  | Entered Level 4 of the Snake Pit
 28642 | Snake:4  | Received a gift from Okawaru
 29013 | Snake:4  | Reached skill level 15 in Fighting
 29166 | Snake:4  | Reached skill level 15 in Armour
 29193 | Snake:4  | Received a gift from Okawaru
 29341 | Snake:4  | Reached XP level 18. HP: 111/149 MP: 23/23
 29372 | Snake:4  | Received a gift from Okawaru
 29807 | Snake:4  | Got a serpentine rune of Zot
 30216 | Shoals:1 | Entered Level 1 of the Shoals
 30493 | Shoals:1 | Noticed a titan
 30523 | Shoals:1 | Killed a titan
 30736 | Shoals:1 | Received a gift from Okawaru
 31004 | Shoals:1 | Received a gift from Okawaru
 32872 | Shoals:2 | Received a gift from Okawaru
 32872 | Shoals:2 | Reached skill level 16 in Fighting
 32880 | Shoals:2 | Reached XP level 19. HP: 151/157 MP: 24/24
 33423 | Shoals:3 | Received a gift from Okawaru
 34266 | Shoals:4 | Entered Level 4 of the Shoals
 34310 | Shoals:4 | Noticed Polyphemus
 34337 | Shoals:4 | Noticed Jorgrun
 34365 | Shoals:4 | Killed Jorgrun
 34382 | Shoals:4 | Killed Polyphemus
 34499 | Shoals:4 | Received a gift from Okawaru
 34634 | Shoals:4 | Noticed Ilsuiw
 34676 | Shoals:3 | Killed Ilsuiw
 34946 | Shoals:4 | Reached skill level 10 in Axes
 34991 | Shoals:4 | Got a barnacled rune of Zot
 35467 | Shoals:4 | Reached XP level 20. HP: 164/164 MP: 25/25
 36479 | Snake:2  | Bought the ring "Hearroym" {rF+ rC+ SInv Stlth+} for 644 gold pieces
 37239 | Orc:2    | Killed Gorgoleon's ghost
 37385 | Orc:2    | Found a bloodstained altar of Trog.
 37497 | Orc:2    | Received a gift from Okawaru
 37598 | Orc:2    | Reached skill level 15 in Shields
 37768 | Orc:2    | Found a staircase to the Elven Halls.
 38027 | Orc:2    | Found Binu's Gadget Shop.
 38027 | Orc:2    | Found Vamior's Antique Weapon Shoppe.
 38053 | Orc:2    | Found Marur's General Store.
 38076 | Orc:2    | Found Pasafrite's General Store.
 38108 | Orc:2    | Bought a scroll of magic mapping for 59 gold pieces
 38108 | Orc:2    | Bought a royal jelly for 34 gold pieces
 38250 | Elf:1    | Entered Level 1 of the Elven Halls
 38262 | Elf:1    | Noticed Agnes
 38310 | Elf:1    | Killed Agnes
 39099 | Elf:1    | Received a gift from Okawaru
 39371 | Elf:1    | Reached skill level 10 in Dodging
 39695 | Elf:2    | Received a gift from Okawaru
 39931 | Elf:2    | Found Roug's Food Shoppe.
 40311 | Elf:2    | Found a huge runed gate.
 40311 | Elf:2    | Found a huge runed gate.
 40311 | Elf:2    | Found a huge runed gate.
 40323 | Elf:2    | Found a huge runed gate.
 40351 | Elf:2    | Found a huge runed gate.
 40517 | Elf:2    | Reached XP level 21. HP: 171/171 MP: 26/26
 40571 | Elf:2    | Received a gift from Okawaru
 40796 | Elf:2    | Reached skill level 15 in Crossbows
 40861 | Elf:2    | Received a gift from Okawaru
 41280 | Elf:3    | Entered Level 3 of the Elven Halls
 42895 | Elf:3    | Cast into level 3 of the Abyss (a deep elf sorcerer)
 42897 | Abyss:3  | Found a corrupted altar of Lugonu.
 43010 | Abyss:3  | Noticed an ancient lich
 43026 | Abyss:3  | Noticed a bone dragon
 43040 | Abyss:3  | Killed an ancient lich
 43064 | Abyss:3  | Received a gift from Okawaru
 43076 | Abyss:3  | Killed a bone dragon
 43158 | Abyss:3  | Found a snail-covered altar of Cheibriados.
 43216 | Elf:3    | Escaped the Abyss
 43224 | Elf:3    | Received a gift from Okawaru
 43243 | Elf:3    | Noticed a Tzitzimitl
 43244 | Elf:3    | Reached XP level 22. HP: 179/179 MP: 27/27
 43341 | Elf:3    | Got a faintly glowing copper ring
 43371 | Elf:3    | Received a gift from Okawaru
 43449 | Elf:3    | Identified the ring "Agaifam" {rF- rN+ MR++ Dex+3} (You took it off a deep elf death mage on level 3 of the Elven Halls)
 43531 | Elf:3    | Got a polished quarterstaff {freeze}
 43532 | Elf:3    | Identified the +5 quarterstaff of Wealth {freeze, +Inv Str-5 Dex+2} (You took it off a deep elf sorcerer on level 3 of the Elven Halls)
 43538 | Elf:3    | Got a distressingly furry leather armour
 43554 | Elf:3    | Got a bloodstained plate armour
 43565 | Elf:3    | Identified Futoqual's Intricacies of Witchery
 43580 | Elf:3    | Identified Sif Muna's Papyrus of Assistive Moulding
 43601 | Elf:3    | Identified the cursed +1 plate armour "Hogiudymo" {+Inv rPois MR- Str+8} (You found it on level 3 of the Elven Halls)
 43602 | Elf:3    | Identified the +0 leather armour of Theory {Int+7} (You took it off a deep elf annihilator on level 3 of the Elven Halls)
 45064 | D:13     | Found a gate to the Vaults.
 45679 | D:14     | Noticed Urug
 45684 | D:14     | Killed Urug
 46329 | D:15     | Entered Level 15 of the Dungeon
 46329 | D:15     | Found a staircase to the Depths.
 46467 | D:15     | Found Asoel's Assorted Antiques.
 46470 | D:15     | Bought a scroll labeled BULLUS LEWOZUA for 23 gold pieces
 46470 | D:15     | Bought a scroll of identify for 46 gold pieces
 46470 | D:15     | Bought a scroll of identify for 46 gold pieces
 46912 | D:15     | Found Kasasehoits's Magic Scroll Shoppe.
 46932 | D:15     | Bought a scroll of identify for 32 gold pieces
 46932 | D:15     | Bought a scroll of identify for 32 gold pieces
 46932 | D:15     | Bought a scroll of amnesia for 56 gold pieces
 46932 | D:15     | Bought a scroll of vulnerability for 120 gold pieces
 46993 | D:15     | Found a shimmering altar of Xom.
 47037 | D:15     | Found Hus Ushrelua's Antique Armour Boutique.
 47042 | D:15     | Bought an ancient chain mail for 256 gold pieces
 47043 | D:15     | Identified the +5 chain mail of Cowardice {rElec Str+3 Dex-4} (You bought it in a shop on level 15 of the Dungeon)
 47524 | D:7      | Bought a scroll of immolation for 52 gold pieces
 47524 | D:7      | Bought a scroll of enchant weapon for 112 gold pieces
 47524 | D:7      | Bought a scroll of silence for 112 gold pieces
 47524 | D:7      | Bought a scroll of enchant armour for 112 gold pieces
 47596 | Lair:1   | Identified 3 scrolls of acquirement
 47632 | Lair:1   | Got a coiled steel amulet
 47634 | Lair:1   | Identified the amulet "Jucaod" {MR- Regen+ Int+5} (You acquired it on level 1 of the Lair of Beasts)
 47643 | Lair:1   | Got a heavily runed glass ring
 47645 | Lair:1   | Identified the ring "Ycorek" {Wiz MP+9 Str+3 Dex-5 Stlth+} (You acquired it on level 1 of the Lair of Beasts)
 47772 | Vaults:1 | Entered Level 1 of the Vaults
 47774 | Vaults:1 | Got a fine hunting sling
 47785 | Vaults:1 | Learned a level 2 spell: Passwall
 47935 | Vaults:1 | Reached skill level 17 in Fighting
 48196 | Vaults:1 | Received a gift from Okawaru
 48779 | Vaults:1 | Reached XP level 23. HP: 187/187 MP: 20/28
 49507 | Vaults:2 | Noticed Bai Suzhen
 49562 | Vaults:2 | Killed Bai Suzhen
 49562 | Vaults:2 | Received a gift from Okawaru
 49940 | Vaults:2 | Received a gift from Okawaru
 50263 | Vaults:2 | Found a staircase to the Crypt.
 50369 | Vaults:2 | Received a gift from Okawaru
 50434 | Vaults:2 | Got a pair of faintly glowing gloves {god gift}
 50445 | Vaults:2 | Identified the +0 pair of gloves of the Swan {Int+3 SInv} (Okawaru gifted it to you on level 2 of the Vaults)
 51825 | Vaults:3 | Reached skill level 18 in Fighting
 51825 | Vaults:3 | Reached XP level 24. HP: 197/197 MP: 28/28
 51917 | Vaults:3 | Noticed Aizul
 51935 | Vaults:3 | Killed Aizul
 52125 | Vaults:3 | Reached skill level 15 in Axes
 52453 | Vaults:3 | Received a gift from Okawaru
 53407 | Vaults:4 | Received a gift from Okawaru
 53772 | Vaults:4 | Received a gift from Okawaru
 55414 | Depths:1 | Entered Level 1 of the Depths
 55479 | Depths:1 | Reached XP level 25. HP: 154/206 MP: 23/28
 55588 | Depths:1 | Found a gateway to Hell.
 55808 | Depths:1 | Found a corrupted altar of Lugonu.
 55821 | Depths:1 | Found a one-way gate to the infinite horrors of the Abyss.
 56025 | Depths:1 | Found Vavaxt's Magic Scroll Shoppe.
 56037 | Depths:1 | Bought a scroll of acquirement for 676 gold pieces
 56039 | Depths:1 | Got a bloodstained quarterstaff
 56045 | Depths:1 | Bought a scroll of fear for 45 gold pieces
 56045 | Depths:1 | Bought a scroll of identify for 26 gold pieces
 56045 | Depths:1 | Bought a scroll of enchant weapon for 97 gold pieces
 56045 | Depths:1 | Bought a scroll of identify for 26 gold pieces
 56045 | Depths:1 | Bought a scroll of enchant weapon for 97 gold pieces
 56403 | Depths:1 | Reached skill level 19 in Fighting
 56445 | Depths:1 | Received a gift from Okawaru
 56626 | Depths:1 | Got a pair of faintly humming boots
 56627 | Depths:1 | Identified the +2 pair of boots of Voyxyde {rElec rF+ Regen+} (You found it on level 1 of the Depths)
 56932 | Depths:1 | Received a gift from Okawaru
 57016 | Depths:2 | Got a pair of encrusted gloves
 57017 | Depths:2 | Identified the +0 pair of gloves of Impermeability {rC+} (You found it on level 2 of the Depths)
 57224 | Depths:2 | Received a gift from Okawaru
 57516 | Depths:2 | Found a one-way gate leading to the halls of Pandemonium.
 58253 | Depths:2 | Found a runed door.
 58272 | Depths:2 | Found a runed door.
 58314 | Depths:2 | Noticed a juggernaut
 58464 | Depths:2 | Received a gift from Okawaru
 58540 | Depths:2 | Killed a juggernaut
 58552 | Depths:2 | Reached XP level 26. HP: 131/216 MP: 24/28
 59095 | Lair:4   | Got a twisted scale mail
 59096 | Lair:4   | Identified the +3 scale mail of Xeiv {Str+4} (You found it on level 4 of the Lair of Beasts)
 59540 | Depths:3 | Noticed Nikola
 59551 | Depths:3 | Killed Nikola
 59551 | Depths:3 | Received a gift from Okawaru
 59558 | Depths:3 | Got a crude cloak {god gift}
 59579 | Depths:3 | Identified the +2 cloak of Tenacity {rPois rF- rN+ Regen+} (Okawaru gifted it to you on level 3 of the Depths)
 60063 | Depths:3 | Noticed a juggernaut
 60063 | Depths:3 | an acid blob changed into a juggernaut
 60087 | Depths:3 | Killed a juggernaut
 60122 | Depths:3 | Reached skill level 15 in Dodging
 60133 | Depths:3 | Noticed a juggernaut
 60145 | Depths:3 | a juggernaut changed into a titan
 60980 | Depths:3 | Noticed a juggernaut
 60985 | Depths:3 | Noticed a shard shrike
 60985 | Depths:3 | a juggernaut changed into a shard shrike
 61089 | Depths:3 | Noticed a juggernaut
 61089 | Depths:3 | a shadow dragon changed into a juggernaut
 61093 | Depths:3 | a juggernaut changed into a titan
 61279 | Depths:3 | Got a scintillating pewter ring
 61280 | Depths:3 | Identified the ring of Scepticism {rPois rF+ rC++ Str-3 Dex+5} (You found it on level 3 of the Depths)
 61307 | Depths:3 | Got a flickering brass amulet
 61308 | Depths:3 | Identified the amulet of Pereqa {Harm *Drain rElec rPois} (You found it on level 3 of the Depths)
 61351 | Depths:3 | Identified the Tome of Companions
 61484 | Depths:3 | Received a gift from Okawaru
 61499 | Depths:3 | Identified Cobig's Papyrus of the Spatial Rocks
 61547 | Depths:3 | Reached skill level 20 in Fighting
 61561 | Depths:3 | Got an encrusted chain mail
 61562 | Depths:3 | Identified the +8 chain mail "Ziyjuot" {rC- rCorr Str+3 Dex+5} (You found it on level 3 of the Depths)
 62145 | Depths:4 | Got a fine ring mail
 62146 | Depths:4 | Identified the +8 ring mail "Dataff" {rPois rCorr Str-4 Int-2} (You found it on level 4 of the Depths)
 62281 | Depths:4 | Noticed Jory
 62301 | Depths:4 | Killed Jory
 62301 | Depths:4 | Reached XP level 27. HP: 207/224 MP: 22/28
 62327 | Depths:4 | Received a gift from Okawaru
 62429 | Depths:4 | Found a basalt altar of Yredelemnul.
 62577 | Depths:4 | Received a gift from Okawaru
 62630 | Depths:4 | Found Kosilyja's Antique Armour Emporium.
 62836 | Depths:4 | Found a gateway to a ziggurat.
 63787 | Depths:4 | Received a gift from Okawaru
 64218 | Depths:5 | Entered Level 5 of the Depths
 64738 | Depths:5 | Received a gift from Okawaru
 65346 | Depths:5 | Found a gate to the Realm of Zot.
 65699 | Vaults:5 | Entered Level 5 of the Vaults
 65750 | Vaults:5 | Noticed Renzlar's ghost (adept MiFi)
 65793 | Vaults:5 | Killed Renzlar's ghost
 65906 | Vaults:5 | Learned a level 3 spell: Portal Projectile
 65988 | Vaults:5 | Reached skill level 1 in Spellcasting
 65988 | Vaults:5 | Reached skill level 1 in Hexes
 65988 | Vaults:5 | Reached skill level 1 in Translocations
 66350 | Vaults:5 | Received a gift from Okawaru
 66465 | Vaults:5 | Received a gift from Okawaru
 66486 | Vaults:5 | Noticed Foxy's ghost (veteran DsGl)
 66494 | Vaults:5 | Reached skill level 21 in Fighting
 66529 | Vaults:5 | Killed Foxy's ghost
 66529 | Vaults:5 | Received a gift from Okawaru
 66649 | Vaults:5 | Received a gift from Okawaru
 67041 | Vaults:5 | Received a gift from Okawaru
 67324 | Vaults:5 | Noticed Tonberto's ghost (adept DgEE)
 67369 | Vaults:5 | Killed Tonberto's ghost
 67445 | Vaults:5 | Gained mutation: You are frail. (-10% HP) [a shining eye]
 67507 | Vaults:5 | Learned a level 1 spell: Apportation
 67507 | Vaults:5 | Found Tomecs's Distillery.
 67507 | Vaults:5 | Found Zogugh's Magic Scroll Shoppe.
 67539 | Vaults:5 | Found Risupnem's Magic Scroll Boutique.
 67573 | Vaults:5 | Found Fimpirghu's Distillery.
 67590 | Vaults:5 | Found Fabaiqut's Distillery.
 67590 | Vaults:5 | Found Uqanog's Magic Scroll Emporium.
 67608 | Vaults:5 | Found Ykhaderr's Food Shop.
 67608 | Vaults:5 | Found Fuhin's Food Emporium.
 67634 | Vaults:5 | Received a gift from Okawaru
 68018 | Vaults:5 | Got a silver rune of Zot
 68106 | Vaults:5 | Bought a scroll of identify for 26 gold pieces
 68106 | Vaults:5 | Bought a scroll of magic mapping for 45 gold pieces
 68106 | Vaults:5 | Bought a scroll of recharging for 123 gold pieces
 68106 | Vaults:5 | Bought a scroll of enchant weapon for 97 gold pieces
 68106 | Vaults:5 | Bought a scroll of identify for 26 gold pieces
 68169 | Vaults:5 | Bought a scroll of identify for 46 gold pieces
 68176 | Vaults:5 | Bought a scroll of enchant weapon for 180 gold pieces
 68769 | Depths:1 | Voluntarily entered the Abyss.
 68797 | Abyss:1  | Received a gift from Okawaru
 68825 | Abyss:1  | Identified the Collected Works on the Compass
 68945 | Abyss:1  | Gained mutation: [You occasionally shout uncontrollably at your foes.] [a neqoxec]
 68947 | Abyss:1  | Gained mutation: Scrolls take you much longer to read. [a neqoxec]
 69228 | Abyss:1  | Lost mutation: You are frail. (-10% HP) [potion of mutation]
 69228 | Abyss:1  | Lost mutation: [You occasionally shout uncontrollably at your foes.] [potion of mutation]
 69228 | Abyss:1  | Lost mutation: Scrolls take you a little longer to read. [potion of mutation]
 69228 | Abyss:1  | Gained mutation: [You are dopey. (Int -2)] [potion of mutation]
 69228 | Abyss:1  | Lost mutation: [You are dopey. (Int -2)] [potion of mutation]
 69228 | Abyss:1  | Gained mutation: You possess an exceptional clarity of mind. [potion of mutation]
 69745 | Depths:1 | Escaped the Abyss
 69954 | Orc:2    | Bought a +0 pair of gloves of strength for 172 gold pieces
 69954 | Orc:2    | Bought a scarf of resistance for 480 gold pieces
 70315 | Depths:1 | Voluntarily entered the Abyss.
 70374 | Abyss:1  | Found a corrupted altar of Lugonu.
 70411 | Abyss:1  | Received a gift from Okawaru
 70412 | Abyss:1  | Got a pair of ichor-stained gloves {god gift}
 70413 | Abyss:1  | Identified the +1 pair of gloves "Pucw" {Str+2} (Okawaru gifted it to you on level 1 of the Abyss)
 70658 | Abyss:1  | Found a corrupted altar of Lugonu.
 70832 | Abyss:3  | Found a corrupted altar of Lugonu.
 71145 | Abyss:3  | Got an abyssal rune of Zot
 71263 | Abyss:3  | Found a corrupted altar of Lugonu.
 71339 | Abyss:3  | Reached skill level 22 in Fighting
 71354 | Abyss:3  | Found a snail-covered altar of Cheibriados.
 71378 | Abyss:3  | Found an opulent altar of Gozag.
 71388 | Depths:1 | Escaped the Abyss
 71635 | Slime:1  | Entered Level 1 of the Pits of Slime
 72516 | Vaults:5 | Bought 2 potions of might for 192 gold pieces
 72516 | Vaults:5 | Bought a potion of might for 96 gold pieces
 72530 | Vaults:5 | Bought a potion of agility for 76 gold pieces
 72530 | Vaults:5 | Bought a potion of cancellation for 152 gold pieces
 72530 | Vaults:5 | Bought a potion of might for 76 gold pieces
 72991 | Slime:2  | Received a gift from Okawaru
 73045 | Slime:2  | Got an encrusted quarterstaff {god gift}
 73046 | Slime:2  | Identified the +1 quarterstaff of Valiance {flame, Fragile rElec Str+4} (Okawaru gifted it to you on level 2 of the Pits of Slime)
 73166 | Slime:2  | Gained mutation: You expend magic power (3 MP) to strengthen your wands. [a shining eye]
 73167 | Slime:2  | Gained mutation: [You are dopey. (Int -2)] [a shining eye]
 74501 | Slime:5  | Entered Level 5 of the Pits of Slime
 74619 | Slime:5  | Noticed the Royal Jelly
 74638 | Slime:5  | Killed the Royal Jelly
 74724 | Slime:5  | Got a slimy rune of Zot
 74734 | Slime:5  | Got a jewelled lajatang
 74735 | Slime:5  | Identified the cursed +2 lajatang of Righteous Anger {speed, +Fly} (You found it on level 5 of the Pits of Slime)
 74747 | Slime:5  | Identified Sif Muna's Reference Book on Harmful Ignition
 74842 | Slime:5  | Got an ichor-stained arbalest
 74843 | Slime:5  | Identified the +7 arbalest "Cuzxie" {venom, Str+4 Dex+3} (You found it on level 5 of the Pits of Slime)
 74885 | Slime:5  | Got a slimy glaive
 74886 | Slime:5  | Identified the +5 glaive of the Volcano {freeze, rPois rF++ Dex-3 Stlth+} (You found it on level 5 of the Pits of Slime)
 75782 | D:3      | Fell from the grace of Okawaru
 75782 | D:3      | Became a worshipper of the Shining One
 76106 | Crypt:1  | Entered Level 1 of the Crypt
 76210 | Crypt:1  | Reached * piety under the Shining One
 76364 | Crypt:1  | Noticed Boris
 76379 | Crypt:1  | Killed Boris
 76529 | Crypt:1  | Reached ** piety under the Shining One
 76948 | Crypt:1  | Reached *** piety under the Shining One
 77140 | Crypt:2  | Reached **** piety under the Shining One
 77240 | Crypt:2  | Noticed Margery
 77241 | Crypt:2  | Reached ***** piety under the Shining One
 77264 | Crypt:2  | Cast into level 5 of the Abyss (Margery)
 77264 | Abyss:5  | Entered Level 5 of the Abyss
 77341 | Crypt:2  | Escaped the Abyss
 77347 | Crypt:2  | Killed Margery
 77737 | Crypt:3  | Entered Level 3 of the Crypt
 77758 | Crypt:3  | Got an ancient battleaxe
 77759 | Crypt:3  | Identified the +6 battleaxe of Sounyodd {vamp, rElec} (You found it on level 3 of the Crypt)
 77803 | Crypt:3  | Reached ****** piety under the Shining One
 77803 | Crypt:3  | Reached skill level 23 in Fighting
 77858 | Crypt:3  | Found a staircase to the Tomb.
 78018 | Crypt:3  | Noticed Mennas
 78064 | Crypt:3  | Killed Mennas
 78070 | Crypt:3  | Identified a +3 executioner's axe of holy wrath (a +1 antimagic executioner's axe blessed by the Shining One)
 78070 | Crypt:3  | Received a gift from the Shining One
 78494 | Temple   | Fell from the grace of the Shining One
 78494 | Temple   | Became a worshipper of Makhleb the Destroyer
 79049 | Crypt:3  | Reached * piety under Makhleb
 79098 | Crypt:3  | Identified the Papyrus of Unholy Magic
 79114 | Crypt:3  | Found an ancient bone altar of Kikubaaqudgha.
 79284 | Crypt:3  | Got a slimy copper amulet
 79285 | Crypt:3  | Identified the amulet of the Sky {rPois Regen+ Str+3 Stlth-} (You took it off a vampire knight on level 3 of the Crypt)
 79367 | Crypt:3  | Reached ** piety under Makhleb
 80713 | Depths:1 | Voluntarily entered the Abyss.
 80731 | Abyss:1  | Reached *** piety under Makhleb
 81114 | Abyss:1  | Reached **** piety under Makhleb
 81187 | Abyss:1  | Got a warped plate armour
 81188 | Abyss:1  | Identified the cursed +1 plate armour of Lifelessness {rF+} (You found it on level 1 of the Abyss)
 81689 | Abyss:1  | Was forgiven by Okawaru
 81710 | Abyss:1  | Reached ***** piety under Makhleb
 81968 | Abyss:1  | Reached skill level 24 in Fighting
 82615 | Abyss:1  | Found a corrupted altar of Lugonu.
 82633 | Depths:1 | Escaped the Abyss
 82679 | Pan      | Entered Pandemonium
 83001 | Pan      | Noticed Syekkeneuk the pandemonium lord
 83017 | Pan      | Killed Syekkeneuk the pandemonium lord
 83224 | Pan      | Found an exit through the horrors of the Abyss.
 83290 | Pan      | Reached ****** piety under Makhleb
 83422 | Pan      | Found a runed door.
 83435 | Pan      | Got a demonic rune of Zot
 83673 | Pan      | Found an exit through the horrors of the Abyss.
 83907 | Pan      | Reached skill level 25 in Fighting
 83948 | Pan      | Gained mutation: Scrolls take you a little longer to read. [a neqoxec]
 83982 | Pan      | Gained mutation: You are resistant to hostile enchantments. (MR+) [a neqoxec]
 84000 | Pan      | Lost mutation: Your spells are a little harder to cast, but a little more powerful. [a cacodemon]
 84212 | Pan      | Noticed Ynyexugg the pandemonium lord
 84224 | Pan      | Killed Ynyexugg the pandemonium lord
 84880 | Pan      | Lost mutation: [You are dopey. (Int -2)] [a cacodemon]
 84994 | Pan      | Noticed Onedipe the pandemonium lord
 85006 | Pan      | Killed Onedipe the pandemonium lord
 85093 | Pan      | Found an exit through the horrors of the Abyss.
 85150 | Pan      | Got a slimy tin ring
 85155 | Pan      | Identified the ring "Otos" {rF- Dex+7 Stlth-} (You found it in Pandemonium)
 85550 | Pan      | Found an exit through the horrors of the Abyss.
 85884 | Pan      | Noticed Muyxuchi the pandemonium lord
 85897 | Pan      | Killed Muyxuchi the pandemonium lord
 86010 | Pan      | Was forgiven by the Shining One
 86595 | Pan      | Noticed Zytaif the pandemonium lord
 86622 | Pan      | Killed Zytaif the pandemonium lord
 87083 | Pan      | Found an exit through the horrors of the Abyss.
 87360 | Pan      | Noticed Rorouxi the pandemonium lord
 87362 | Pan      | Noticed Rorouxi the pandemonium lord
 87380 | Pan      | Annihilated by Rorouxi the pandemonium lord

Skill      XL: |  1  2  3  4  5  6  7  8  9 10 11 12 13 14 15 16 17 18 19 20 21 22 23 24 25 26 27 |
---------------+----------------------------------------------------------------------------------+-----
Axes           | 3 4 5 6 8 10 12 13 14 15 16 17 24 | 24.1
Shields        | 4 5 7 8 9 10 11 13 14 15 | 15.0
Fighting       | 4 5 6 8 9 10 11 12 13 14 15 16 17 18 19 20 25 | 25.8
Armour         | 4 5 6 8 9 10 11 12 13 14 15 16 17 18 19 23 | 23.3
Staves         | 2 5 6 7 8 9 10 11 12 13 14 | 14.0
Invocations    | 3 4 6 7 |  7.1
Crossbows      | 3 5 7 8 10 11 12 13 14 15 16 17 18 19 21 | 21.9
Dodging        | 2 5 6 8 10 11 12 13 14 15 16 | 16.7
Spellcasting   | 2 |  2.0
Hexes          | 2 |  2.8
Translocations | 2 |  2.0

Action                   |  1- 3 |  4- 6 |  7- 9 | 10-12 | 13-15 | 16-18 | 19-21 | 22-24 | 25-27 || total
-------------------------+-------+-------+-------+-------+-------+-------+-------+-------+-------++-------
Melee: War axe           |    55 |   221 |    27 |     5 |       |       |       |       |       ||   308
       Quarterstaff      |       |       |   265 |   502 |  1148 |  1004 |   661 |   631 |   455 ||  4666
       Halberd           |       |       |       |    13 |     6 |       |       |       |       ||    19
       Battleaxe         |       |       |       |       |       |       |    77 |   279 |  2784 ||  3140
       Executioner's axe |       |       |       |       |       |       |       |       |  1100 ||  1100
 Fire: Hand crossbow     |       |       |       |   138 |   276 |    86 |       |       |       ||   500
       Arbalest          |       |       |       |       |       |   536 |   956 |   996 |  1455 ||  3943
Throw: Stone             |       |     5 |     7 |     9 |    41 |     5 |     3 |     2 |     8 ||    80
       Throwing net      |       |     2 |       |       |       |       |       |       |       ||     2
       Tomahawk          |       |       |     1 |    20 |       |       |       |       |       ||    21
Invok: Heroism           |       |       |       |    12 |    22 |    22 |    33 |    15 |    23 ||   127
       Finesse           |       |       |       |     1 |     9 |    18 |    16 |    10 |    17 ||    71
       Brand Weapon With |       |       |       |       |       |       |       |       |     1 ||     1
 Abil: Dig               |       |     1 |       |     5 |     6 |     3 |     6 |       |    25 ||    46
       Evoke Invisibilit |       |       |       |       |       |       |     1 |       |       ||     1
       Evoke Flight      |       |       |       |       |       |       |       |       |    16 ||    16
       Stop Flying       |       |       |       |       |       |       |       |       |    13 ||    13
Evoke: Wand              |       |       |     2 |       |     1 |       |     3 |       |     5 ||    11
  Use: Scroll            |       |     3 |     6 |     5 |     6 |     3 |     8 |    27 |    47 ||   105
       Potion            |       |       |     1 |       |    11 |     3 |     9 |     1 |    19 ||    44
 Stab: Held in net/web   |       |     3 |       |       |       |       |       |       |       ||     3
       Confused          |       |       |       |       |     1 |       |       |       |       ||     1
       Distracted        |       |       |       |       |       |     1 |       |       |     3 ||     4
       Petrified         |       |       |       |       |       |       |     2 |       |       ||     2
       Petrifying        |       |       |       |       |       |       |     1 |       |       ||     1
       Invisible         |       |       |       |       |       |       |     2 |       |       ||     2
       Fleeing           |       |       |       |       |       |       |       |       |     1 ||     1
  Eat: Chunk             |       |     8 |    10 |    21 |    22 |    13 |    30 |    29 |    56 ||   189
       Royal jelly       |       |       |       |     3 |     3 |     1 |     1 |     5 |     7 ||    20
       Fruit             |       |       |       |       |     2 |    18 |     2 |       |    28 ||    50
       Bread ration      |       |       |       |       |       |       |       |       |     5 ||     5
Armor: Scale mail        |    14 |    84 |    85 |    30 |       |    78 |     5 |       |       ||   296
       Robe              |       |       |       |     4 |       |       |       |       |       ||     4
       Troll leather arm |       |       |       |    47 |    15 |       |       |       |       ||    62
       Ice dragon scales |       |       |       |    26 |   230 |    98 |   157 |    80 |       ||   591
       Storm dragon scal |       |       |       |       |       |       |       |    65 |   318 ||   383
       Gold dragon scale |       |       |       |       |       |       |       |       |   922 ||   922
Dodge: Dodged            |    17 |    48 |    93 |   138 |   361 |   358 |   316 |   337 |  1603 ||  3271
       Deflected         |       |       |       |       |     4 |    84 |    34 |    30 |    42 ||   194
Block: Shield            |    31 |   118 |   153 |   213 |   510 |   454 |       |       |       ||  1479
       Large shield      |       |       |       |       |       |   165 |  1078 |  1062 |  4298 ||  6603
       Reflection        |       |       |       |       |       |    84 |   187 |   147 |   165 ||   583
